 Dungeon Crawl Stone Soup version 0.15-a0-1788-ga796aff (webtiles) character file.

446 PolkaDot the Vexing (level 6, -2/41 HPs)
             Began as a Vampire Enchanter on June 29, 2014.
             Was an Initiate of Ashenzari.
             Slain by an ogre
             ... wielding a cursed +0 giant club
              (21 damage)
             ... on Level 5 of the Dungeon.
             The game lasted 00:15:59 (5200 turns).

PolkaDot the Vexing (Vampire Enchanter)             Turns: 5200, Time: 00:15:59

HP  -2/41        AC  4     Str  7      XL: 6   Next: 73%
MP   2/10        EV 12     Int 19      God: Ashenzari [......]
Gold 293         SH  0     Dex 14      Spells:  3 memorised,  3 levels left

rFire  + . .     SeeInvis +     a - +1 dagger (curse)
rCold  + + .     Clarity  .     b - +1 robe
rNeg   + + +     rCorr    .     (no shield)
rPois  +         rRot     +     (no helmet)
rElec  .         Spirit   .     g - +0 cloak
SustAb .         Warding  .     (no gloves)
rMut   .         Stasis   .     (no boots)
Gourm  .                        (no amulet)
MR     .....                    (no ring)
                                i - cursed ring of protection from fire

@: very slightly contaminated, bloodless, non-regenerating, not resistant to
hostile enchantments, stealthy
A: bottle blood, fangs 3, see invisible, unbreathing
a: Bat Form, Bottle Blood, Renounce Religion


You were on level 5 of the Dungeon.
You worshipped Ashenzari.
Ashenzari was noncommittal.
You were bloodless.

You visited 2 branches of the dungeon, and saw 6 of its levels.

You collected 293 gold pieces.

Inventory:

Hand weapons
 a - a cursed +1 dagger (weapon)
Armour
 b - a +1 robe (worn)
 g - a +0 cloak (worn)
Magical devices
 e - a wand of flame (8)
Scrolls
 d - 5 scrolls of curse armour
 n - 4 scrolls of teleportation
 o - a scroll of fear {unknown}
 r - 2 scrolls of curse jewellery
Jewellery
 i - a cursed ring of protection from fire (left hand)
Potions
 f - 5 potions of curing
 j - a potion of resistance
 k - a potion of might
 l - a potion of heal wounds
 m - 2 potions of haste {unknown}
 p - 2 potions of restore abilities {unknown}
 q - 2 potions of lignification {unknown}
Books
 c - a book of Maledictions

   Spells                             Type                      Level
   *Corona                            Hexes                        1
   Sure Blade                         Hexes/Charms                 2
   *Ensorcelled Hibernation           Hexes/Ice                    2
   *Confuse                           Hexes                        3
   Dazzling Spray                     Conjuration/Hexes            3
   Enslavement                        Hexes                        4


   Skills:
 * Level 4.0 Short Blades
 - Level 2.1 Dodging
 + Level 6.9 Stealth
 - Level 2.0 Spellcasting
 + Level 7.9 Hexes
 - Level 1.5 Ice Magic


You had 3 spell levels left.
You knew the following spells:

 Your Spells              Type           Power        Failure   Level  Hunger
a - Corona                Hex            ####...      1%          1    #......
c - Confuse               Hex            ####....     1%          3    ####...
d - Ensorcelled Hibernat  Hex/Ice        ###...       4%          2    ##.....


Dungeon Overview and Level Annotations

Branches:
Dungeon (5/15)             Temple (1/1) D:4

Altars:
Ashenzari
Cheibriados
Dithmenos
Elyvilon
Fedhas
Gozag
Makhleb
Okawaru
Qazlal
Sif Muna
Trog
Vehumet
Yredelemnul
Zin
The Shining One


Innate Abilities, Weirdness & Mutations

You do not heal naturally.
You can bottle blood from corpses.
You have razor-sharp teeth.*
You have supernaturally acute eyesight.
You can survive without breathing.*


Message History

The ogre resists.
The ogre hits you with a giant club!
Casting: Ensorcelled Hibernation
Confirm with . or Enter, or press ? or * to list all spells.
Aiming: Ensorcelled Hibernation
Press: ? - help, Shift-Dir - straight line, f/p - ogre
Aim: an ogre, wielding a giant club You miscast Ensorcelled Hibernation.
You are very lightly contaminated with residual magic.
Strange energies run through your body.
* * * LOW MAGIC WARNING * * *
Casting: Ensorcelled Hibernation
Confirm with . or Enter, or press ? or * to list all spells.
Aiming: Ensorcelled Hibernation
Press: ? - help, Shift-Dir - straight line, f/p - ogre
Aim: an ogre, wielding a giant club The ogre resists.
* * * LOW MAGIC WARNING * * *
The ogre hits you with a giant club!!
Ouch! That really hurt!
You die...

#### #..
##.##.#..##
#.@5.......
##O##....##
#.# #.# #.#
#.# #.# #.#
#.. ###


You could see an ogre and a crimson imp.

Vanquished Creatures
  Sigmund (D:2)
  A centaur skeleton (D:4)
  A hound (D:3)
  2 worker ants (D:4)
  Jessica (D:2)
  3 gnolls (D:3)
  7 adders
  2 giant mites (D:3)
  5 worms
  7 giant geckos
  2 oozes
  6 orcs (D:3)
  11 goblins
  13 hobgoblins
  6 jackals
  4 quokkas
  2 ball pythons
  7 bats
  3 giant cockroaches (D:1)
  A giant gecko skeleton (D:4)
  3 giant newts
  8 kobolds
  10 rats
106 creatures vanquished.

Notes
Turn   | Place    | Note
--------------------------------------------------------------
     0 | D:1      | PolkaDot, the Vampire Enchanter, began the quest for the Orb.
     0 | D:1      | Reached XP level 1. HP: 13/13 MP: 3/3
   328 | D:1      | Reached XP level 2. HP: 19/19 MP: 2/4
   737 | D:1      | Learned a level 2 spell: Ensorcelled Hibernation
  1419 | D:1      | Reached XP level 3. HP: 24/24 MP: 3/6
  1462 | D:1      | Reached skill level 5 in Hexes
  1928 | D:2      | Reached skill level 5 in Stealth
  1988 | D:2      | Noticed Jessica
  1998 | D:2      | Killed Jessica
  1998 | D:2      | Reached XP level 4. HP: 16/30 MP: 2/7
  2116 | D:2      | Noticed Sigmund
  2135 | D:2      | Killed Sigmund
  2135 | D:2      | Reached skill level 6 in Hexes
  2135 | D:2      | Reached skill level 1 in Ice Magic
  2135 | D:2      | Reached XP level 5. HP: 23/35 MP: 3/9
  2711 | D:3      | Learned a level 3 spell: Confuse
  2762 | D:3      | Reached skill level 7 in Hexes
  3083 | D:3      | Found a bloodstained altar of Trog.
  3235 | D:3      | Reached XP level 6. HP: 41/41 MP: 2/10
  3314 | D:3      | Found a basalt altar of Yredelemnul.
  4272 | D:4      | Found a staircase to the Ecumenical Temple.
  4282 | Temple   | Entered the Ecumenical Temple
  4460 | Temple   | Became a worshipper of Ashenzari the Shackled
  4655 | D:4      | Identified the +8 sling "Otecveot" {venom, rN+ MR++}
  5196 | D:5      | Entered Level 5 of the Dungeon
  5200 | D:5      | Slain by an ogre

Action                   |  1- 3 |  4- 6 || total
-------------------------+-------+-------++-------
Melee: Dagger            |   189 |   126 ||   315
 Cast: Corona            |    10 |     1 ||    11
       Ensorcelled Hiber |    17 |    49 ||    66
       Confuse           |       |     4 ||     4
  Use: Scroll            |     8 |     5 ||    13
       Potion            |       |     1 ||     1
 Stab: Sleeping          |    16 |    52 ||    68
       Distracted        |       |     1 ||     1
       Confused          |       |     1 ||     1
